 Dungeon Crawl Stone Soup version 0.28-a0-622-gbaef9634d7 (webtiles) character file.

Game seed: 7760973453324585430

129117 Zenkrye the Martial Artist (level 16, -1/182 HPs)
             Began as a Demigod Transmuter on Oct 7, 2021.
             Shot with a bolt by a naga sharpshooter (26 damage)
             ... on level 4 of the Snake Pit.
             The game lasted 02:06:06 (28073 turns).

Zenkrye the Martial Artist (Demigod Transmuter)    Turns: 28073, Time: 02:06:07

Health: -1/182     AC: 29    Str:  9    XL:     16   Next: 2%
Magic:  25/30      EV: 18    Int: 35    God:
Gold:   1112       SH:  6    Dex: 14    Spells: 8/28 levels left

rFire   . . .      SeeInvis +     - Unarmed
rCold   . . .      Faith    .   c - +0 buckler
rNeg    + . .      Spirit   .   (armour currently unavailable)
rPois   ∞          Reflect  .   Z - +0 helmet {SInv}
rElec   +          Harm     .   b - +0 cloak
rCorr   .          Rampage  .   (gloves currently unavailable)
Will    +....      NoTele   +   (boots currently unavailable)
Stlth   +.........              B - amulet of regeneration
HPRegen 1.40/turn               o - ring of poison resistance
MPRegen 0.22/turn               w - ring of wizardry

@: mighty, statue-form, weakened, untranslocatable, wereblooded, hasted
A: slow and powerful, torment resistance 1, boosted hp, high mp 1, forlorn, weak
1
a: End Transformation


You were on level 4 of the Snake Pit.
You were a living statue of rough stone.
You visited 4 branches of the dungeon, and saw 25 of its levels.

You collected 2424 gold pieces.
You spent 1312 gold pieces at shops.

Inventory:

Hand Weapons
 a - a +4 hand crossbow of freezing
Missiles
 g - 15 boomerangs
 K - 214 bolts
 N - 8 curare-tipped darts (quivered)
Armour
 b - a +0 cloak (worn)
 c - a +0 buckler (worn)
 f - a +2 pair of gloves of dexterity (melded)
 k - the +1 robe "Niummer" (melded) {Rampage rElec rF++ rC+}
   (You bought it in a shop on level 4 of the Dungeon)

   rF:        It greatly protects you from fire.
   rC:        It protects you from cold.
   rElec:     It insulates you from electricity.
   Rampage:   It bestows one free step when moving towards enemies.
 M - the +3 pair of seven-league boots (melded) {Rampage+∞}
   (You acquired it on level 1 of the Snake Pit)

   Its wearer moves as far as possible in that direction when moving towards
   enemies.
 T - a +0 tower shield of protection
 V - +0 fire dragon scales
 Z - a +0 helmet of see invisible (worn)
Magical Staves
 x - a staff of earth
 S - a staff of fire
Jewellery
 d - an amulet of guardian spirit
 o - a ring of poison resistance (left fist)
 p - a +4 ring of protection
 q - the amulet of the Thistle {RegenMP -Tele rC+ Int+7}
   (You acquired it on level 2 of the Snake Pit)

   [amulet of magic regeneration]

   It increases your rate of magic regeneration.
   Int:       It affects your intelligence (+7).
   rC:        It protects you from cold.
   -Tele:     It prevents most forms of teleportation.
 v - a +4 ring of evasion
 w - a ring of wizardry (right fist)
 y - a ring of willpower
 B - an amulet of regeneration (around neck)
 L - a ring of protection from fire
 P - a ring of ice
Wands
 l - a wand of iceblast (15) {@v4}
 C - a wand of acid (16) {@v2}
 D - a wand of flame (42)
 U - a wand of mindburst (9)
Scrolls
 i - 2 scrolls of identify {@r1}
 j - 4 scrolls of magic mapping
 s - 8 scrolls of teleportation {@r3}
 t - a scroll of enchant armour
 F - a scroll of summoning
 G - 3 scrolls of fog
 H - 4 scrolls of amnesia
 O - a scroll of holy word
 Q - 3 scrolls of blinking {@r4}
 R - 2 scrolls of immolation
Potions
 e - a potion of magic
 h - 3 potions of haste {@q3}
 m - 2 potions of invisibility
 n - 3 potions of brilliance
 r - 14 potions of heal wounds {@q2}
 u - 2 potions of might {@q4}
 z - 2 potions of resistance {@q6}
 A - 5 potions of flight
 E - a potion of cancellation
 I - 7 potions of curing {@q1}
 J - 2 potions of ambrosia
 Y - a potion of mutation
Miscellaneous
 W - a phantom mirror
 X - a condenser vane (inert)


   Skills:
 + Level 12.3 Fighting
 + Level 12.3 Dodging
 + Level 6.8 Shields
 * Level 14.2 Unarmed Combat
 + Level 6.5 Spellcasting
 + Level 5.5 Translocations
 + Level 12.7 Transmutations
 - Level 4.0 Earth Magic
 - Level 3.0 Evocations


You had 8 spell levels left.
You knew the following spells:

 Your Spells              Type           Power      Damage    Failure   Level
a - Statue Form           Tmut/Erth      42%        N/A       7%          6
b - Spider Form           Tmut/Pois      27%        N/A       1%          3
c - Ice Form              Ice/Tmut       54%        N/A       1%          4
d - Wereblood             Tmut           79%        N/A       1%          2
e - Manifold Assault      Tloc           50%        N/A       4%          5

Your spell library contained the following spells:

 Spells                   Type           Power      Damage    Failure   Level
 Beastly Appendage        Tmut           100%       N/A       0%          1
 Animate Skeleton         Necr           22%        N/A       1%          1
 Freeze                   Ice            44%        1d6       1%          1
 Magic Dart               Conj           44%        1d5       1%          1
 Blink                    Tloc           N/A        N/A       1%          2
 Passwall                 Tmut/Erth      52%        N/A       1%          2
 Gell's Gravitas          Tloc           25%        N/A       1%          3
 Ignite Poison            Fire/Tmut/Pois 41%        N/A       1%          3
 Lesser Beckoning         Tloc           50%        N/A       1%          3
 Teleport Other           Tloc           50%        N/A       1%          3
 Passage of Golubria      Tloc           N/A        N/A       1%          4
 Petrify                  Tmut/Erth      63%        N/A       1%          4
 Ensorcelled Hibernation  Hex/Ice        22%        N/A       2%          2
 Searing Ray              Conj           22%        2d5       2%          2
 Dazzling Flash           Conj/Hex       22%        N/A       4%          3
 Frozen Ramparts          Ice            22%        1d4       4%          3
 Inner Flame              Hex/Fire       11%        N/A       4%          3
 Mephitic Cloud           Conj/Pois/Air  11%        N/A       4%          3
 Ozocubu's Armour         Ice            11%        N/A       4%          3
 Swiftness                Air            11%        N/A       4%          3
 Tukima's Dance           Hex            11%        N/A       4%          3
 Animate Armour           Summ/Erth      50%        N/A       6%          4
 Cause Fear               Hex            5%         N/A       14%         4
 Fulminant Prism          Conj/Hex       5%         3d7       14%         4
 Hailstorm                Conj/Ice       11%        3d5       14%         4
 Borgnjor's Vile Clutch   Necr/Erth      12%        N/A       17%         5
 Agony                    Necr           11%        N/A       36%         5
 Freezing Cloud           Conj/Ice/Air   5%         6-21      36%         5
 Metabolic Englaciation   Hex/Ice        5%         N/A       36%         5
 Silence                  Hex/Air        5%         N/A       36%         5
 Invisibility             Hex            5%         N/A       89%         6
 Simulacrum               Ice/Necr       5%         N/A       89%         6
 Discord                  Hex            5%         N/A       100%        8
 Lehudib's Crystal Spear  Conj/Erth      12%        10d4      100%        8
 Dragon's Call            Summ           5%         N/A       100%        9


Dungeon Overview and Level Annotations

Branches:
Dungeon (15/15)            Temple (0/1) D:6            Lair (4/6) D:11
 Shoals (0/4) Lair:4        Snake (4/4) Lair:3          Orc (2/2) D:11
    Elf (0/3) Orc:2        Vaults (0/5) D:14         Depths (0/4) D:15

Shops:
D:4 [   D:10 *   Orc:2 [(*!   Snake:1 [   Snake:3 **

Annotations:
D:4 1 runed translucent door, Crazy Yiuf
D:8 1 runed translucent door, Atlas's ghost, novice DgEE
Lair:1 exclusion: oklob plant
Lair:4 1 runed translucent door, Eqaz's ghost, journeyman MiHu


Innate Abilities, Weirdness & Mutations

You are a living statue of rough stone.
Your actions are slow, but your melee attacks are powerful.
You are resistant to unholy torment.
Your maximum health is greatly increased.
You are immune to poison.
Your equipment is partially melded.
Your attributes grow dramatically as you level up.
You have an increased reservoir of magic. (+10% MP)
You shall have no god before yourself.
You are weak. (Str -2)


Message History

You barely miss the naga sharpshooter.
The naga sharpshooter is moderately wounded.
The naga ritualist misses you.
The naga sharpshooter casts a spell.
The naga sharpshooter magically shoots a bolt.
The bolt hits you!
You punch the naga sharpshooter!
The naga sharpshooter is heavily wounded.
The naga sharpshooter mumbles some strange words.
The naga sharpshooter magically shoots an arrow.
The arrow hits you!
* * * LOW HITPOINT WARNING * * *
You punch the naga sharpshooter!
The naga sharpshooter is heavily wounded.
You howl as the wereblood boils in your veins!
You block the naga ritualist's attack.
The naga sharpshooter mumbles some strange words.
The naga sharpshooter magically shoots a bolt.
The bolt hits you!
* * * LOW HITPOINT WARNING * * *
The naga sharpshooter spits poison at you.
The splash of poison hits you but does no damage.
You resist.
You barely miss the naga sharpshooter.
The naga sharpshooter is heavily wounded.
The naga sharpshooter shoots a bolt.
The bolt completely misses you.
The naga ritualist hits you but does no damage.
Unknown command.
You pummel the naga sharpshooter!!
The naga sharpshooter is almost dead.
The naga sharpshooter mumbles some strange words.
The naga sharpshooter magically shoots an arrow.
The arrow hits you!
* * * LOW HITPOINT WARNING * * *
You barely miss the naga sharpshooter.
The naga sharpshooter is almost dead.
You howl as the wereblood boils in your veins!
The naga ritualist hits you but does no damage.
The naga sharpshooter shoots a bolt.
The bolt hits you!!
You die...

..####......# ...........##
.......##### ...#......#
..##.####.# .###.# #.# ## #.# #.#
# #.# #.########### #.#
#.#.....8NN.# #.# #.#....≈#N..##
#.# #.#...§≈##...## # #.#
####..≈§≈##...### ###[ #.#
###.)§§≈##..).######NN. #.#
#.##..≈≈≈##....(..N§)N.
####.######..##.§§≈§##..........#
.........)....##§§≈≈§###......###
.############..##...§≈≈########≈≈


You could see 2 naga sharpshooters and a naga ritualist.

Vanquished Creatures
  Rupert (D:14)
  4 nagarajas (Snake:4)
  3 orc warlords (Orc:1)
  An ettin (Orc:1)
  2 fire dragons
  6 boulder beetles
  6 naga warriors
  3 anacondas
  2 salamander tyrants
  2 ogre magi (Orc:2)
  7 hydras
  A catoblepas (D:13)
  3 centaur warriors
  12 two-headed ogres
  A death knight (D:11)
  2 tengu warriors
  A deep troll earth mage (D:10)
  Sonja (D:10)
  3 shock serpents
  5 naga sharpshooters (Snake:4)
  Nergalle (Orc:1)
  An iron troll (Orc:2)
  2 salamander mystics
  A deep troll (Orc:2)
  A flayed ghost (D:15)
  A glowing orange brain (shapeshifter) (D:11)
  A naga ritualist (Snake:4)
  3 lindwurms (Snake:4)
  A necromancer (D:15)
  A wizard (D:14)
  6 mana vipers
  A deep elf zephyrmancer (D:15)
  2 deep elf pyromancers
  A harpy (D:15)
  4 orc knights
  2 wolf spiders
  A wolf spider zombie (D:15)
  7 ugly things
  7 manticores
  3 orc sorcerers
  25 salamanders
  8 cyclopes
  17 black mambas
  2 guardian serpents (Snake:4)
  4 elephants
  7 naga magi
  15 cane toads
  3 gargoyles
  A torpor snail (Lair:4)
  A centaur skeleton (D:15)
  2 freezing wraiths
  3 unseen horrors
  A kobold demonologist (D:11)
  A rime drake (Lair:3)
  A yaktaur (D:11)
  8 komodo dragons
  4 efreet
  2 tengu conjurers
  A queen bee (shapeshifter) (D:15)
  14 trolls
  7 slime creatures
  A slime creature (shapeshifter) (D:11)
  A meliai zombie (D:10)
  A snapping turtle (Lair:4)
  A blink frog (Lair:4)
  12 dream sheep (Lair:4)
  3 centaur simulacra
  3 shadows
  43 yaks
  A tarantella (shapeshifter) (D:14)
  5 wyverns
  2 wraiths
  16 humans (D:14)
  2 basilisks
  A steam dragon (D:10)
  5 vampire mosquitoes
  14 nagas
  4 wargs
  An acid dragon (D:11)
  8 water moccasins
  Duvessa (D:5)
  40 orc warriors
  A hornet zombie (D:7)
  2 sky beasts
  A black bear (D:11)
  25 ogres
  A necrophage (D:6)
  15 wolves
  7 centaurs
  A centaur (shapeshifter) (D:11)
  A kobold brigand (D:10)
  6 bullfrogs
  Dowan (D:5)
  A water moccasin skeleton (D:5)
  5 wights (D:8)
  36 killer bees
  2 howler monkeys
  3 electric eels
  2 bullfrog zombies
  4 centaur zombies
  A lava snake (Snake:1)
  4 jellies
  2 hounds (D:5)
  17 orc priests
  17 orc wizards
  A killer bee zombie (D:7)
  A human simulacrum (D:9)
  7 adders
  3 shadow imps
  2 ufetubi
  A worm (D:5)
  A dart slug (D:1)
  87 orcs
  6 ball pythons
  5 bats
  5 endoplasms
  5 giant cockroaches
  7 goblins
  5 hobgoblins
  3 quokkas
  11 frilled lizards
  12 kobolds
  5 rats
727 creatures vanquished.

Vanquished Creatures (others)
  Nessos (D:14)
  A water elemental (D:11)
  A shadow (D:11)
  A human simulacrum (D:9)
  8 fungi
  107 plants
119 creatures vanquished.

Grand Total: 846 creatures vanquished

Notes
Turn   | Place    | Note
-------+----------+-------------------------------------------
     0 | D:1      | Zenkrye the Demigod Transmuter began the quest for the Orb.
     0 | D:1      | Reached XP level 1. HP: 15/15 MP: 5/5
    22 | D:1      | Reached skill level 1 in Fighting
   290 | D:1      | Reached skill level 3 in Unarmed Combat
   331 | D:1      | Reached XP level 2. HP: 20/23 MP: 5/7
  1769 | D:2      | Reached XP level 3. HP: 28/29 MP: 6/8
  1773 | D:2      | Learned a level 3 spell: Spider Form
  2613 | D:2      | Identified a scroll of acquirement
  2613 | D:2      | Acquired a ring of wizardry
  2894 | D:3      | Reached XP level 4. HP: 15/36 MP: 6/10
  4129 | D:4      | Found Heatecwe's Antique Armour Emporium.
  4140 | D:4      | Reached XP level 5. HP: 41/41 MP: 8/12
  4147 | D:4      | Bought a heavy robe for 148 gold pieces
  4147 | D:4      | Identified the +1 robe "Niummer" {Rampage rElec rF++ rC+}
                  | (You bought it in a shop on level 4 of the Dungeon)
  4361 | D:4      | Noticed an ogre
  4372 | D:4      | Killed an ogre
  4710 | D:4      | Learned a level 4 spell: Ice Form
  4713 | D:4      | Learned a level 2 spell: Wereblood
  5079 | D:4      | Found a runed translucent door.
  5080 | D:4      | Noticed Crazy Yiuf
  5114 | D:5      | Entered Level 5 of the Dungeon
  5114 | D:5      | Noticed an ogre
  5120 | D:5      | Killed an ogre
  5121 | D:5      | Reached XP level 6. HP: 50/50 MP: 7/13
  5164 | D:5      | Noticed Duvessa
  5226 | D:5      | Reached skill level 4 in Unarmed Combat
  6118 | D:6      | Reached XP level 7. HP: 56/56 MP: 10/14
  6324 | D:6      | Found a staircase to the Ecumenical Temple.
  6378 | D:6      | Reached skill level 5 in Unarmed Combat
  6657 | D:7      | Reached skill level 5 in Transmutations
  6757 | D:7      | Reached XP level 8. HP: 64/66 MP: 11/15
  7892 | D:8      | Reached skill level 6 in Unarmed Combat
  7988 | D:8      | Reached skill level 5 in Fighting
  8291 | D:8      | Identified the +2 leather armour of the Maze {Str+8 Int-2}
  8313 | D:8      | Reached skill level 5 in Dodging
  8355 | D:7      | Reached XP level 9. HP: 62/74 MP: 11/16
  8561 | D:8      | Found a runed translucent door.
  8562 | D:8      | Noticed Atlas's ghost (novice DgEE)
  8562 | D:8      | Noticed a manticore
  8837 | D:9      | Noticed a boulder beetle
  9014 | D:5      | Found a transporter.
  9037 | D:5      | Found a transporter.
  9228 | D:5      | Noticed Dowan
  9231 | D:5      | Killed Dowan
  9238 | D:5      | Killed Duvessa
  9580 | D:9      | Reached skill level 7 in Unarmed Combat
 10003 | D:9      | Noticed a gargoyle
 10013 | D:9      | Killed a gargoyle
 10014 | D:9      | Reached XP level 10. HP: 84/84 MP: 13/19
 10029 | D:10     | Entered Level 10 of the Dungeon
 10429 | D:10     | Reached skill level 8 in Unarmed Combat
 10430 | D:10     | Noticed Sonja
 10828 | D:10     | Killed Sonja
 11059 | D:10     | Found Bonn's General Store.
 11207 | D:10     | Bought a scroll of teleportation for 39 gold pieces
 11207 | D:10     | Bought a potion of curing for 39 gold pieces
 11207 | D:10     | Bought a scroll of blinking for 97 gold pieces
 11632 | D:11     | Found a staircase to the Lair.
 11632 | D:11     | Noticed an elephant
 11677 | D:11     | Noticed a manticore
 11680 | D:11     | Noticed a manticore
 11680 | D:11     | a spriggan changed into a manticore
 11680 | D:11     | Noticed a deep elf pyromancer
 11683 | D:11     | Noticed a fire crab
 11683 | D:11     | a manticore changed into a fire crab
 11732 | D:11     | Noticed a boulder beetle
 11810 | D:11     | Killed a boulder beetle
 11880 | D:11     | Reached skill level 5 in Spellcasting
 11888 | D:11     | Noticed a cyclops
 11901 | D:11     | Killed a cyclops
 11902 | D:11     | Reached XP level 11. HP: 44/92 MP: 17/22
 11905 | D:11     | Noticed a two-headed ogre
 11946 | D:11     | Noticed a four-headed hydra
 11957 | D:11     | Killed a two-headed ogre
 12003 | D:10     | Learned a level 6 spell: Statue Form
 12044 | D:11     | Noticed a boulder beetle
 12063 | D:11     | Noticed a two-headed ogre
 12157 | D:10     | Killed a two-headed ogre
 12158 | D:10     | Reached skill level 1 in Earth Magic
 12330 | D:11     | Killed a boulder beetle
 12331 | D:11     | Reached skill level 9 in Unarmed Combat
 12358 | D:11     | Noticed a centaur warrior
 12432 | D:11     | Killed a four-headed hydra
 12433 | D:11     | Noticed a two-headed ogre
 12569 | D:11     | Reached skill level 1 in Evocations
 12588 | D:11     | Noticed a deep troll earth mage
 12758 | D:10     | Killed a deep troll earth mage
 12989 | D:10     | Killed a deep elf pyromancer
 13017 | Lair:1   | Entered Level 1 of the Lair of Beasts
 13061 | Lair:1   | Reached XP level 12. HP: 103/103 MP: 19/23
 13137 | Lair:1   | Reached skill level 1 in Shields
 13178 | Lair:1   | Noticed a four-headed hydra
 13190 | Lair:1   | Killed a four-headed hydra
 14101 | Lair:2   | Reached skill level 10 in Unarmed Combat
 14453 | Lair:2   | Noticed a fire dragon
 14477 | Lair:2   | Killed a fire dragon
 14543 | Lair:2   | Identified the +1 chain mail of Gravitas {Str+4}
 14558 | Lair:2   | Learned a level 5 spell: Manifold Assault
 15314 | Lair:3   | Found a staircase to the Snake Pit.
 15611 | Lair:3   | Reached skill level 1 in Translocations
 16120 | Lair:3   | Noticed a four-headed hydra
 16128 | Lair:3   | Killed a four-headed hydra
 16129 | Lair:3   | Reached skill level 10 in Transmutations
 16539 | Lair:4   | Noticed a four-headed hydra
 16547 | Lair:4   | Killed a four-headed hydra
 16575 | Lair:4   | Found a runed translucent door.
 16756 | Lair:4   | Found a staircase to the Shoals.
 16845 | Lair:4   | Reached XP level 13. HP: 92/111 MP: 20/24
 17089 | Lair:4   | Got the Catalogue of Calling and Black Arts
 17210 | Lair:4   | Reached skill level 11 in Unarmed Combat
 17722 | Lair:4   | Noticed Eqaz's ghost (journeyman MiHu)
 18647 | D:11     | Found a staircase to the Orcish Mines.
 18927 | Orc:1    | Entered Level 1 of the Orcish Mines
 18951 | Orc:1    | Noticed an orc warlord
 18956 | Orc:1    | Noticed Nergalle
 18971 | Orc:1    | Reached skill level 10 in Fighting
 18972 | Orc:1    | Reached skill level 10 in Dodging
 18975 | Orc:1    | Killed Nergalle
 18979 | Orc:1    | Killed an orc warlord
 19316 | Orc:1    | Reached skill level 5 in Shields
 19545 | Orc:2    | Entered Level 2 of the Orcish Mines
 19633 | Orc:2    | Found a staircase to the Elven Halls.
 19681 | Orc:2    | Noticed an orc warlord
 19706 | Orc:1    | Killed an orc warlord
 19896 | Orc:2    | Noticed an orc warlord
 19914 | Orc:1    | Killed an orc warlord
 20118 | Orc:2    | Paralysed by an ogre mage for 3 turns
 20124 | Orc:2    | Reached XP level 14. HP: 122/122 MP: 18/25
 20151 | Orc:2    | Reached skill level 12 in Unarmed Combat
 20682 | Orc:2    | Found Paab's General Store.
 20682 | Orc:2    | Found Kewaent's Antique Armour Boutique.
 20683 | Orc:2    | Found Camazuul's Distillery.
 20694 | Orc:2    | Found Idghur's Antique Weapon Shop.
 20858 | Orc:2    | Bought a pair of runed gloves for 285 gold pieces
 21631 | D:12     | Gained mutation: You are weak. (Str -2) [mutagenic glow]
 22505 | D:13     | Identified the +0 robe of Nudgh {rC+ Regen+}
 23292 | D:14     | Noticed Nessos
 23293 | D:14     | Noticed Rupert
 23306 | D:14     | Killed Rupert
 23355 | D:14     | Killed Nessos
 23475 | D:14     | Found a gate to the Vaults.
 24279 | D:14     | Reached skill level 13 in Unarmed Combat
 24370 | D:15     | Entered Level 15 of the Dungeon
 24535 | D:15     | Reached XP level 15. HP: 117/132 MP: 10/27
 25174 | D:15     | Found a staircase to the Depths.
 25458 | Orc:2    | Bought a potion of heal wounds for 75 gold pieces
 25458 | Orc:2    | Bought a potion of heal wounds for 75 gold pieces
 25458 | Orc:2    | Bought a potion of curing for 45 gold pieces
 25458 | Orc:2    | Bought a potion of might for 60 gold pieces
 25458 | Orc:2    | Bought a potion of resistance for 150 gold pieces
 25458 | Orc:2    | Bought a potion of heal wounds for 75 gold pieces
 25588 | Snake:1  | Entered Level 1 of the Snake Pit
 25588 | Snake:1  | Found Xeof's Antique Armour Shop.
 26169 | Snake:1  | Acquired the +3 pair of seven-league boots {Rampage+∞}
 26169 | Snake:1  | Found the +3 pair of seven-league boots {Rampage+∞}
 26463 | Snake:2  | Acquired the amulet of the Thistle {RegenMP -Tele rC+
                  | Int+7}
 26618 | Snake:3  | Found Opeinliu's General Store.
 26622 | Snake:3  | Found Nakkeani's Specific Store.
 26632 | Snake:3  | Bought a scroll of holy word for 112 gold pieces
 26632 | Snake:3  | Bought a scroll of enchant weapon for 112 gold pieces
 26639 | Snake:4  | Entered Level 4 of the Snake Pit
 27133 | Snake:4  | Noticed a nagaraja
 27153 | Snake:4  | Killed a nagaraja
 27158 | Snake:4  | Noticed a nagaraja
 27166 | Snake:4  | Killed a nagaraja
 27420 | Snake:4  | Reached skill level 5 in Translocations
 27493 | Snake:4  | Reached skill level 14 in Unarmed Combat
 27845 | Snake:4  | Noticed a nagaraja
 27923 | Snake:4  | Killed a nagaraja
 28023 | Snake:4  | Reached XP level 16. HP: 139/139 MP: 27/30
 28073 | Snake:4  | Shot with a bolt by a naga sharpshooter

Illustrated notes

Levels and vault maps discovered:
D:1:      nicolae_arrival_memento_mori, layout_basic,
          ebering_ecumenical_altar_rust
D:2:      layout_rooms, basic_altar, hangedman_decor_points, minivault_5,
          minmay_lizard_pond
D:3:      layout_basic
D:4:      layout_basic, marbit_many_paths, serial_shops, shop,
          uniq_crazy_yiuf_cottage
D:5:      gammafunk_wand_slinger, layout_basic, uniq_duvessa
D:6:      layout_rooms, minmay_temple_entry_overgrown, hex_medium
D:7:      layout_loops_ring, serial_bayou_lake_a
D:8:      layout_loops_ring, ebering_ghost_inner_flame, minmay_circle_x
D:9:      layout_basic, bh_circular_ruins
D:10:     layout_rooms, serial_shops, nicolae_shop_waterfront,
          small_statue_alley_a, jiyva_altar_1, uniq_sonja
D:11:     minmay_the_grid_square_5x5_4x4_mashed
          [minmay_the_grid_square_5x5_corner,
          minmay_the_grid_square_5x5_six_small,
          minmay_the_grid_square_5x5_tetrominoes,
          minmay_the_grid_square_5x5_inner_v, minmay_the_grid_square_5x5_bite,
          minmay_the_grid_square_5x5_prize_waves,
          minmay_the_grid_square_5x5_prize_monsterx,
          minmay_the_grid_square_5x5_v, minmay_the_grid_square_5x5_minimal,
          minmay_the_grid_square_5x5_prize_pseudospiral,
          minmay_the_grid_square_5x5_prize_deathbox,
          minmay_the_grid_square_5x5_n_small,
          minmay_the_grid_square_5x5_sharp_hourglass,
          minmay_the_grid_square_5x5_almost_minimal,
          minmay_the_grid_square_5x5_minivault,
          minmay_the_grid_square_5x5_half_checkered], layout_stronghold,
          david_lair_generic, orc_0_dummy, water_maze_lemuel
D:12:     layout_loops_ring
D:13:     layout_small_grid, special_room [special_room_orc],
          kennysheep_decorative_pillar
D:14:     layout_loops_ring, david_vaults_3, hex_tiny
D:15:     grunt_enter_depths_magical_seal, layout_rooms, ashenzari_altar_1,
          hangedman_corner_corridor
Lair:1:   layout_cave_shapes, tgw_fedhas
Lair:2:   dragon1_lemuel, layout_cave_pods
Lair:3:   wad_woods_minihive, layout_hall_layers, dummy_snake_entry
Lair:4:   layout_roguey, minmay_shoals_entry_hut, ebering_ghost_reflecting_pool,
          pond
Snake:1:  layout_chambers, serial_shops, shop, nicolae_snake_salamander_zone
Snake:2:  layout_misc_corridors
Snake:3:  layout_layer_cave, nicolae_specific_store
Snake:4:  snake_pit_salamanders_mu, layout_gridlike,
          nicolae_snake_snakes_in_the_grass, grunt_megastairs_2
Orc:1:    layout_caves, uniq_nergalle
Orc:2:    st_orc_open, layout_caves, nicolae_orc_tapped_out

Skill      XL: |  1  2  3  4  5  6  7  8  9 10 11 12 13 14 15 |
---------------+----------------------------------------------+-----
Fighting       | 1 2 3 5 6 7 8 9 10 11 12 | 12.3
Unarmed Combat | 3 4 5 6 7 8 9 10 11 13 14 | 14.2
Transmutations | 2 3 4 5 6 7 8 9 10 11 12 | 12.7
Spellcasting   | 2 3 5 6 |  6.5
Dodging        | 2 3 5 6 7 8 9 10 11 12 | 12.3
Earth Magic    | 3 4 |  4.0
Evocations     | 2 3 |  3.0
Shields        | 3 5 6 |  6.8
Translocations | 2 4 5 |  5.5

Action                   |  1- 3 |  4- 6 |  7- 9 | 10-12 | 13-15 | 16-18 || total
-------------------------+-------+-------+-------+-------+-------+-------++-------
Melee: Unarmed           |   109 |   118 |   279 |   721 |  1091 |    26 ||  2344
       Kick              |    23 |       |       |       |       |       ||    23
       Headbutt          |     7 |       |       |       |       |       ||     7
       Punch             |     2 |       |       |       |     3 |       ||     5
 Fire: Hand crossbow     |       |       |       |    96 |   263 |       ||   359
Throw: Stone             |   123 |       |       |       |       |       ||   123
       Dart              |       |    56 |     7 |       |     6 |       ||    69
       Boomerang         |       |    14 |    35 |     3 |     6 |       ||    58
 Cast: Beastly Appendage |    30 |     1 |       |       |       |       ||    31
       Spider Form       |     3 |    17 |    22 |    38 |     7 |       ||    87
       Wereblood         |       |     2 |    10 |    22 |    39 |     1 ||    74
       Ice Form          |       |     4 |    13 |    31 |     8 |       ||    56
       Statue Form       |       |       |       |     7 |    91 |     1 ||    99
       Manifold Assault  |       |       |       |       |    28 |       ||    28
 Abil: End Transformatio |       |       |       |    25 |    67 |       ||    92
Evoke: Wand              |       |       |     6 |    11 |     3 |       ||    20
       Condenser vane    |       |       |       |       |     3 |     1 ||     4
       Phantom mirror    |       |       |       |       |     1 |       ||     1
  Use: Scroll            |     3 |     5 |    11 |    12 |    12 |     1 ||    44
       Potion            |       |       |     1 |     4 |     5 |     4 ||    14
 Stab: Sleeping          |       |     1 |       |       |       |       ||     1
       Distracted        |       |       |       |     1 |       |       ||     1
Armor: Robe              |    22 |       |       |    12 |    23 |       ||    57
       Skin              |       |    12 |    24 |   113 |   586 |    22 ||   757
Dodge: Dodged            |    55 |    99 |   300 |   835 |  1403 |    33 ||  2725
Block: Buckler           |       |       |       |       |   432 |     8 ||   440

Table legend: (Time is in decaauts)
 A = Elapsed time spent in this place.
 B = Non-inter-level travel time spent in this place.
 C = Inter-level travel time spent in this place.
 D = Time resting spent in this place.
 E = Time spent auto-exploring this place.
 F = Levels seen in this place.
 G = Mean time per level.
                   A        B        C        D        E       F      G
               +--------+--------+--------+--------+--------+-----+--------+
         Total |  29033 |  27328 |   1705 |   1277 |  18263 |  25 | 1161.3 |
       Dungeon |  18987 |  17747 |   1240 |    846 |  12308 |  15 | 1265.8 |
          Lair |   4967 |   4748 |    219 |    133 |   3609 |   4 | 1241.8 |
     Snake Pit |   2801 |   2773 |     28 |    195 |   1138 |   4 |  700.2 |
  Orcish Mines |   2276 |   2060 |    216 |    102 |   1207 |   2 | 1138.0 |
               +--------+--------+--------+--------+--------+-----+--------+

Top non-repeatable levels by time:
    D:11: 2114 daAuts
     D:1: 1713 daAuts
 Snake:4: 1508 daAuts
  Lair:3: 1415 daAuts
   Orc:2: 1401 daAuts
    D:13: 1349 daAuts
    D:10: 1310 daAuts
    D:12: 1277 daAuts
     D:3: 1265 daAuts
  Lair:2: 1247 daAuts
  Lair:4: 1239 daAuts
     D:7: 1238 daAuts
     D:9: 1235 daAuts
     D:4: 1217 daAuts
     D:8: 1215 daAuts
